AoeStats
← RoR | Ammiraglio

Black Forest

506499368Analyzed
4v4 RM · 17d ago on Sep 13, 2026· 38m 10s· 8 players
Game mode
Random Map
Map size
Large (8 player)
Population
200
Speed
Normal
Resources
Standard
Victory
Conquest
Starting age
Dark Age
Ending age
Imperial Age
RankedLock teamsTeams togetherTeam positionsShared explorationLock speedFull tech treeHidden civsTurbo modeCheats
Victory
Defeat
🇵🇱 Dravidians · Poland
1856
+10
🇮🇹 Vietnamese · Italy
1833
+11
🇪🇨 Franks · Ecuador
1741
+15
🇧🇷 Celts · Brazil
1612
+20
🇮🇹 Malians · Italy
1802
-18
🇮🇹 Saracens · Italy
1790
-17
🇮🇹 Romans · Italy
1642
-11
🇮🇹 Georgians · Italy
1620
-10
Eärnur
11:57 Feudal Age
15:31 Castle Age
13:30 Double-Bit Axe
16:34 Bow Saw
17:06 Town Watch
24:29 Wheelbarrow
29:39 Imperial Age
26:57 Loom
27:51 Scale Barding Armor
28:06 Hand Cart
27:47 Gold Mining
27:52 Fishing Lines
28:24 Forging
28:53 Chain Barding Armor
28:40 Husbandry
30:11 Iron Casting
29:33 Stone Mining
30:18 Gold Shaft Mining
31:37 Chemistry
30:02 Cavalier
31:05 Scale Mail Armor
31:37 Conscription
31:48 Masonry
31:40 Scale Mail Armor
32:41 Blast Furnace
31:04 Pikeman
31:45 Squires
31:31 Arson
31:32 Gambesons
32:31 Siege Engineers
33:25 Chain Mail Armor
33:46 Plate Barding Armor
32:58 Paladin
33:49 Chivalry
33:52 Fletching
33:42 Halberdier
37:11 Masonry
36:26 Paladin
RoR | Ammiraglio
12:25 Feudal Age
17:02 Castle Age
14:59 Fishing Lines
16:11 Double-Bit Axe
18:10 Bow Saw
19:06 Gillnets
22:53 Horse Collar
24:30 Heavy Plow
25:06 Wheelbarrow
29:03 Imperial Age
26:27 Loom
27:03 Hand Cart
26:34 Town Watch
26:53 Treadmill Crane
28:03 Scale Barding Armor
27:59 Scale Mail Armor
28:10 Forging
28:01 Scale Mail Armor
28:28 Squires
28:13 Arson
29:20 Caravan
29:50 Coinage
29:22 Caravan
30:46 Chemistry
29:51 Scale Mail Armor
30:26 Iron Casting
30:18 Ballistics
29:50 Fletching
31:23 Two-Man Saw
30:51 Chain Mail Armor
31:04 Town Patrol
31:52 Siege Engineers
32:23 Banking
32:04 Guilds
33:16 Plate Mail Armor
33:02 Gold Mining
33:02 Stone Mining
33:03 Fletching
34:44 Bombard Tower
34:14 Fletching
35:45 Stone Shaft Mining
34:40 Elite Fire Lancer
35:46 Bodkin Arrow
37:14 Bracer
37:13 Murder Holes
Sung Jinwoo
1:12 Loom
12:59 Feudal Age
16:49 Castle Age
15:57 Double-Bit Axe
22:37 Pikeman
26:13 Town Watch
28:04 Horse Collar
32:48 Wheelbarrow
32:21 Heavy Plow
34:41 Bow Saw
37:42 Imperial Age
36:35 Hand Cart
37:02 Ballistics
36:51 Gold Mining
38:16 Gold Shaft Mining
38:15 Scale Mail Armor
38:25 Forging
37:45 Onager
39:28 Chemistry
Dziamdziak
1:14 Loom
10:33 Feudal Age
11:27 Double-Bit Axe
18:01 Castle Age
17:33 Fishing Lines
17:58 Horse Collar
18:27 Town Watch
18:44 Gillnets
19:05 Bow Saw
24:56 Heavy Plow
26:47 Wheelbarrow
28:28 Gold Mining
31:21 Imperial Age
29:21 Fletching
29:59 Hand Cart
30:34 Bodkin Arrow
31:37 Padded Archer Armor
32:06 Bracer
32:44 Conscription
31:47 Elite Elephant Archer
33:42 Chemistry
33:09 Thumb Ring
33:27 Ballistics
33:36 Medical Corps
34:41 Leather Archer Armor
36:04 Ring Archer Armor
35:46 Masonry
35:55 Fortified Wall
36:35 Caravan
38:05 Two-Man Saw
Cagata Sonante
0:46 Loom
12:35 Feudal Age
16:15 Castle Age
14:15 Double-Bit Axe
17:02 Horse Collar
17:36 Bow Saw
17:09 Horse Collar
17:50 Heavy Plow
33:54 Caravan
36:24 Wheelbarrow
Simvall
1:03 Loom
13:01 Feudal Age
13:55 Double-Bit Axe
16:37 Castle Age
18:09 Bow Saw
18:09 Fishing Lines
18:54 Gillnets
20:47 Horse Collar
25:10 Heavy Plow
24:58 Town Watch
26:59 Wheelbarrow
30:00 Imperial Age
27:58 Gold Mining
29:21 Gold Shaft Mining
28:36 Stone Mining
29:15 Fortified Wall
30:09 Scale Mail Armor
31:45 Chemistry
31:32 Chain Mail Armor
30:54 Pikeman
31:35 Squires
32:23 Forging
33:00 Plate Mail Armor
34:09 Iron Casting
33:51 Arson
36:36 Masonry
36:18 Fletching
37:57 Conscription
37:34 Bodkin Arrow
37:40 Tigui
38:12 Crop Rotation
Dott_Berlu
4:38 Loom
12:19 Feudal Age
12:47 Double-Bit Axe
13:07 Horse Collar
16:02 Castle Age
15:30 Fishing Lines
16:53 Bow Saw
18:56 Heavy Plow
19:43 Gillnets
23:06 Gold Mining
23:54 Wheelbarrow
26:16 Town Watch
27:04 Hand Cart
29:19 Imperial Age
27:28 Scale Mail Armor
27:39 Forging
28:47 Chain Mail Armor
30:30 Iron Casting
29:16 Pikeman
29:57 Squires
30:34 Ballistics
31:14 Chemistry
30:20 Capped Ram
30:31 Halberdier
31:15 Siege Ram
31:29 Heavy Scorpion
32:38 Conscription
32:29 Ballistas
34:29 Gold Shaft Mining
36:24 Blast Furnace
34:47 Man-at-Arms
35:34 Siege Engineers
36:57 Fletching
36:29 Long Swordsman
37:22 Masonry
37:01 Legionary
37:38 Bodkin Arrow
MrDJM
0:49 Loom
11:01 Feudal Age
11:55 Horse Collar
12:09 Double-Bit Axe
14:19 Horse Collar
19:30 Castle Age
17:23 Horse Collar
18:25 Fishing Lines
20:39 Fletching
24:38 Bodkin Arrow
25:23 Guard Tower
26:47 Wheelbarrow
28:43 Hand Cart
29:03 Bow Saw
32:25 Imperial Age
29:49 Town Watch
29:55 Town Watch
32:09 Scale Barding Armor
32:15 Forging
33:15 Bloodlines
33:06 Husbandry
33:33 Chain Barding Armor
33:09 Cavalier
36:40 Plate Barding Armor
Connection lost

Rejoining the realm…

Still unreachable

The connection could not be restored.

Session expired

The server has moved on; the page needs a fresh start.